 Dungeon Crawl Stone Soup version 0.30-a0-3-gc9032a9cac (webtiles) character file.

Game seed: 5191740255860378403

417 Descartes the Shield-Bearer (level 7, -1/54 HPs)
             Began as a Formicid Fighter on Aug 19, 2022.
             Slain by an orc
             ... wielding a +0 falchion
              (5 damage)
             ... on level 4 of the Dungeon.
             The game lasted 00:07:37 (4228 turns).

Descartes the Shield-Bearer (Formicid Fighter)      Turns: 4228, Time: 00:07:38

Health: -1/54      AC:  7    Str: 21    XL:     7   Next: 15%
Magic:  6/6        EV: 11    Int:  9    God:
Gold:   245        SH: 13    Dex: 13    Spells: 6/6 levels left

rFire   . . .      SeeInvis +    a - +0 war axe
rCold   . . .      Faith    .    k - +0 tower shield
rNeg    . . .      Spirit   .    b - +0 scale mail
rPois   .          Reflect  .    (helmet unavailable)
rElec   .          Harm     .    (no cloak)
rCorr   .          Rampage  .    (no gloves)
Will    .....                    (no boots)
Stlth   ..........               (no amulet)
HPRegen 0.18/turn                p - +4 ring of evasion
MPRegen 0.10/turn                (no ring)

@: no status effects
A: permanent stasis, dig shafts and tunnels, antennae 3, four strong arms, low
MP 1
a: Dig, Shaft Self


You were on level 4 of the Dungeon.
You visited 1 branch of the dungeon, and saw 4 of its levels.

You collected 245 gold pieces.

Inventory:

Hand Weapons
 a - a +0 war axe (weapon)
 j - a +0 whip of draining
Missiles
 m - 6 poisoned darts
 o - 38 stones
 A - a javelin
 B - a throwing net
Armour
 b - a +0 scale mail (worn)
 k - a +0 tower shield (worn)
Jewellery
 p - a +4 ring of evasion (left hand)
Wands
 c - a wand of flame (9)
Scrolls
 f - 3 scrolls of identify {unknown}
 g - a scroll of fog {unknown}
 i - a scroll of fear {unknown}
 v - a scroll of poison {unknown}
 x - a scroll of enchant armour {unknown}
 y - a scroll of torment {unknown}
Potions
 d - a potion of might
 e - 2 potions of curing
 h - a potion of brilliance {unknown}
 l - a potion of resistance
 n - 2 potions of heal wounds {unknown}
 q - a potion of lignification {unknown}
 r - a potion of berserk rage {unknown}
 s - a potion of degeneration {unknown}
 t - a potion of flight {unknown}
 u - a potion of mutation
 w - a potion of haste
 z - a potion of attraction {unknown}


   Skills:
 + Level 4.1 Fighting
 + Level 2.9(3.4) Axes
 + Level 1.8(2.6) Maces & Flails
 + Level 1.8(2.6) Polearms
 * Level 4.6 Armour
 * Level 5.7 Shields
 + Level 1.5 Translocations
 + Level 2.0 Evocations


You had 6 spell levels left.
You didn't know any spells.
Your spell library contained the following spells:

 Spells                   Type           Power      Damage    Failure   Level
 Foxfire                  Conj/Fire      0%         2x1d4     99%         1
 Conjure Flame            Conj/Fire      0%         6-21      100%        3
 Inner Flame              Hex/Fire       0%         N/A       100%        3
 Lesser Beckoning         Tloc           2%         N/A       100%        3
 Flame Wave               Conj/Fire      0%         2d4       100%        4
 Manifold Assault         Tloc           2%         N/A       100%        5
 Blink                    Tloc           Unusable   N/A       N/A         2

Dungeon Overview and Level Annotations

Branches:
Dungeon (4/15)
 Temple: D:4-7

Altars:
Wu Jian

Shops:
D:4 (


Innate Abilities, Weirdness & Mutations

You cannot be hasted, slowed, berserked, paralysed or teleported.
You can dig through walls and to a lower floor.
You have a pair of large antennae on your head. (SInv)
Your four strong arms can wield two-handed weapons with a shield.
Your magical capacity is low. (-10% MP)


Message History

You are too injured to fight recklessly!
You are too injured to fight recklessly!
You are too injured to fight recklessly!
You are too injured to fight recklessly!
You are too injured to fight recklessly!
You are too injured to fight recklessly!
You are too injured to fight recklessly!
You are too injured to fight recklessly!
You are too injured to fight recklessly!
You are too injured to fight recklessly!
You are too injured to fight recklessly!
You are too injured to fight recklessly!
You are too injured to fight recklessly!
You are too injured to fight recklessly!
You completely miss the orc priest.
The orc priest is almost dead.
You closely miss the orc.
The orc priest hits you but does no damage.
You block the orc's attack. The orc hits you with a +0 falchion.
* * * LOW HITPOINT WARNING * * *
The orc priest hits you but does no damage.
You barely miss the orc priest.
The orc priest is almost dead.
You closely miss the orc. You block the orc priest's attack.
You block the orc's attack.
Unknown command.
You hit the orc priest but do no damage.
The orc priest is almost dead.
You closely miss the orc. The orc priest hits you with a +0 whip.
* * * LOW HITPOINT WARNING * * *
The orc hits you with a +0 falchion.
* * * LOW HITPOINT WARNING * * *
The orc priest hits you but does no damage.
You block the orc's attack.
You hit the orc priest but do no damage.
The orc priest is almost dead.
You closely miss the orc. The orc priest hits you with a +0 whip.
* * * LOW HITPOINT WARNING * * *
The orc hits you with a +0 falchion.
You die...

##.. ##...####
##...#...##
##.........###
#............#
..[..........#
......)oo....##
.......@.!....#
..............#
..............#
###
..............#
###..
..............#
##....
..............#
##.....
......).......#
#......
..............#
##......
..#...........#
#.......


You could see an orc priest and an orc.

Vanquished Creatures
  A steam dragon (D:4)
  An ogre (D:3)
  A hound (D:4)
  A jelly (D:2)
  7 adders
  A worm (D:2)
  A dart slug (D:3)
  3 orcs (D:4)
  8 endoplasms
  3 giant cockroaches
  6 goblins
  4 hobgoblins
  3 training dummies (D:4)
  7 ball pythons
  4 bats
  3 frilled lizards
  8 kobolds
  10 rats
72 creatures vanquished.

Notes
Turn   | Place    | Note
-------+----------+-------------------------------------------
     0 | D:1      | Descartes the Formicid Fighter began the quest for the Orb.
     0 | D:1      | Reached XP level 1. HP: 18/18 MP: 1/1
   106 | D:1      | Reached XP level 2. HP: 24/24 MP: 2/2
   539 | D:1      | Reached XP level 3. HP: 25/27 MP: 3/3
  1217 | D:2      | Reached XP level 4. HP: 15/35 MP: 4/4
  1612 | D:2      | Reached skill level 1 in Maces & Flails
  1685 | D:2      | Found a faded altar of an unknown god.
  2083 | D:2      | Reached skill level 1 in Polearms
  2085 | D:2      | Reached skill level 1 in Evocations
  2085 | D:2      | Reached XP level 5. HP: 28/41 MP: 5/5
  2388 | D:3      | Reached skill level 1 in Translocations
  2542 | D:3      | Reached skill level 5 in Shields
  2562 | D:3      | Found an ornate altar of the Wu Jian Council.
  3025 | D:4      | Found Nedutoac's Firing Range.
  3067 | D:4      | Noticed a steam dragon
  3074 | D:4      | Gained mutation: Your magical capacity is low. (-10% MP)
                  | [potion of mutation]
  3079 | D:4      | HP: 1/42 [steam dragon (8)]
  3316 | D:4      | Killed a steam dragon
  3317 | D:4      | Reached XP level 6. HP: 13/48 MP: 5/5
  3594 | D:4      | Noticed an ogre
  3953 | D:3      | Killed an ogre
  3954 | D:3      | Reached XP level 7. HP: 35/54 MP: 6/6
  4228 | D:4      | Slain by an orc

Illustrated notes

Levels and vault maps discovered:
D:1:      elethiomel_arrival_diamonds, layout_basic, roderic_cross_of_infinity,
          minmay_quantized
D:2:      layout_basic, basic_ecumenical_altar, interstate_on_off
D:3:      layout_rooms, pdpol_wu_jian_five_deadly_venoms
D:4:      layout_cave_pods, serial_shops, kennysheep_mini,
          minmay_misc_feat_columns, nicolae_shop_firing_range

Skill      XL: |  1  2  3  4  5  6  7 |
---------------+----------------------+-----
Maces & Flails | 1 |  1.8
Polearms       | 1 |  1.8
Evocations     | 1 2 |  2.0
Translocations | 1 |  1.5
Armour         | 4 |  4.6
Shields        | 5 |  5.7
Fighting       | 4 |  4.1
Axes           | |  2.9

Action                   |  1- 3 |  4- 6 |  7- 9 || total
-------------------------+-------+-------+-------++-------
Melee: War axe           |    85 |   135 |    24 ||   244
Evoke: Wand              |       |     1 |       ||     1
  Use: Potion            |       |     7 |       ||     7
Armor: Scale mail        |    32 |    48 |     9 ||    89
Dodge: Dodged            |    42 |    60 |    11 ||   113
Block: Buckler           |    20 |       |       ||    20
       Tower shield      |    20 |   122 |    25 ||   167

Table legend: (Time is in decaauts)
 A = Elapsed time spent in this place.
 B = Non-inter-level travel time spent in this place.
 C = Inter-level travel time spent in this place.
 D = Time resting spent in this place.
 E = Time spent auto-exploring this place.
 F = Levels seen in this place.
 G = Mean time per level.
                   A        B        C        D        E       F      G
               +--------+--------+--------+--------+--------+-----+--------+
         Total |   4373 |   4311 |     62 |      0 |   3479 |   4 | 1093.2 |
       Dungeon |   4373 |   4311 |     62 |      0 |   3479 |   4 | 1093.2 |
               +--------+--------+--------+--------+--------+-----+--------+

Top non-repeatable levels by time:
     D:3: 1353 daAuts
     D:1: 1230 daAuts
     D:2: 1216 daAuts
     D:4: 573 daAuts
